 Dungeon Crawl Stone Soup version 0.31-a0-354-g827e0957a7 (webtiles) character file.

Game seed: 10640402898096613912

99 HallandMoats the Trooper (level 4, -3/37 HPs)
             Began as a Demonspawn Fighter on July 23, 2023.
             Slain by an orc
             ... wielding a +0 flail
              (6 damage)
             ... on level 3 of the Dungeon.
             The game lasted 00:02:22 (1694 turns).

HallandMoats the Trooper (Demonspawn Fighter)       Turns: 1694, Time: 00:02:23

Health: -3/37      AC:  7    Str: 16    XL:     4   Next: 45%
Magic:  6/6        EV:  8    Int: 11    God:
Gold:   65         SH:  9    Dex: 19    Spells: 3/3 levels left

rFire   . . .        a - +0 trident
rCold   . . .        c - +0 buckler
rNeg    . . .        b - +0 scale mail
rPois   .            (no helmet)
rElec   .            k - +0 cloak
rCorr   .            (no gloves)
SInv    +            (no boots)
Will    .....        (no amulet) Stlth
                     g - +6 ring of dexterity
HPRegen 0.26/turn    f - ring of see invisible
MPRegen 0.10/turn

%: no passive effects
@: no status effects
A: large bone plates 1
a: no special abilities


You were on level 3 of the Dungeon.
You visited 1 branch of the dungeon, and saw 3 of its levels.

You collected 65 gold pieces.

Inventory:

Hand Weapons
 a - a +0 trident (weapon)
Armour
 b - a +0 scale mail (worn)
 c - a +0 buckler (worn)
 k - a +0 cloak (worn)
Jewellery
 f - a ring of see invisible (right hand)
 g - a +6 ring of dexterity (left hand)
Scrolls
 e - a scroll of fear {unknown}
 l - a scroll of blinking {unknown}
 m - a scroll of enchant armour {unknown}
 n - a scroll of teleportation {unknown}
Potions
 d - 2 potions of might
 h - a potion of mutation {unknown}
 i - a potion of lignification {unknown}
 j - a potion of attraction {unknown}


   Skills:
 + Level 4.3 Fighting
 - Level 1.7 Polearms
 - Level 2.6 Armour
 - Level 2.6 Shields
 + Level 3.8 Invocations


You had 3 spell levels left.
You didn't know any spells.
Your spell library contained the following spells:

 Spells                   Type           Power      Damage    Failure   Level
 Iskenderun's Battlesphe  Conj           0%         2d6       100%        5
 Leda's Unmaking          Conj/Erth      0%         9d1       100%        6
 Spellforged Servitor     Conj/Summ      0%         N/A       100%        7


Dungeon Overview and Level Annotations

Branches:
Dungeon (3/15)

Altars:

Shops:
D:2 (


Innate Abilities, Weirdness & Mutations

You are partially covered in large bone plates. (SH +4)


Message History

Reach: a) +0 trident
Press: ? - help, Dir - move target, f/p - orc priest
Aim: an orc priest, wielding a +0 hand axe (about 38% to evade your +0 trident)
You reach to attack!
You hit the orc priest.
The orc priest is lightly wounded.
The orc barely misses you. You block the orc's attack.
Reach: a) +0 trident
Press: ? - help, Dir - move target, f/p - orc priest
Aim: an orc priest, wielding a +0 hand axe (lightly wounded, about 38% to evade your +0 trident)
You barely miss the orc priest.
The orc priest is lightly wounded.
The orc closely misses you. x2
The orc priest looks encouraged for a moment.
You puncture the orc priest!
The orc priest is severely wounded.
The orc closely misses you. The orc hits you with a +0 flail.
You block the orc priest's attack.
The orc priest casts a cantrip, but nothing happens.
The orc closely misses you. x2
You puncture the orc priest!
You kill the orc priest!
The orc hits you with a +0 hand axe. The orc hits you with a +0 flail.
You block the orc's attack.
You see here a +0 hand axe.
You barely miss the orc. You block the orc's attack.
The orc hits you but does no damage.
You hit the orc but do no damage. You block the orc's attack.
The orc hits you with a +0 flail!
* * * LOW HITPOINT WARNING * * *
The orc hits you with a +0 hand axe.
* * * LOW HITPOINT WARNING * * *
You block the orc's attack.
You hit the orc.
The orc is lightly wounded.
You block the orc's attack. The orc hits you but does no damage.
The orc attacks as you move away! The orc barely misses you.
The orc attacks as you move away! The orc hits you with a +0 hand axe.
* * * LOW HITPOINT WARNING * * *
The orc attacks as you move away! The orc hits you with a +0 flail.
You die...

# #. ######## #..
#...... #... ####
#....###
#....#..####......###
#....)......o<.......
#....#.)....o@..##.##
##.................#
#.#......#......###
#........##...#.#
#.......#.##...#.#
#.............## #
##...........##
##.#.........
#.#.#.......


You could see 2 orcs.

Vanquished Creatures
  An orc priest (D:3)
  2 adders (D:2)
  3 dart slugs
  2 orcs (D:3)
  A ball python (D:2)
  2 endoplasms (D:1)
  2 giant cockroaches (D:2)
  3 hobgoblins
  4 jackals (D:1)
  4 kobolds
  2 quokkas
  3 bats
  4 frilled lizards
  3 goblins
  8 rats
44 creatures vanquished.

Notes
Turn   | Place    | Note
-------+----------+-------------------------------------------
     0 | D:1      | HallandMoats the Demonspawn Fighter began the quest for the
                  | Orb.
     0 | D:1      | Reached XP level 1. HP: 18/18 MP: 1/1
    32 | D:1      | Reached skill level 1 in Invocations
   149 | D:1      | Gained mutation: You are partially covered in large bone
                  | plates. (SH +4) [demonic ancestry]
   149 | D:1      | Reached XP level 2. HP: 24/24 MP: 3/3
   581 | D:2      | Reached XP level 3. HP: 26/29 MP: 4/4
   806 | D:2      | Found Ceschoh's Antique Weapon Shop.
  1127 | D:2      | Reached skill level 4 in Fighting
  1677 | D:3      | Reached XP level 4. HP: 37/37 MP: 6/6
  1694 | D:3      | Slain by an orc

Illustrated notes

Levels and vault maps discovered:
D:1:      dpeg_arrival_radiant, layout_rooms
D:2:      layout_basic, serial_shops, nicolae_shop_tiny_real_fake_doors,
          grunt_ministairs_13
D:3:      layout_basic, nicolae_overflow_hidden_temple, uniq_natasha

Skill      XL: |  1  2  3 |
---------------+----------+-----
Invocations    | 1 2 3 |  3.8
Fighting       | 4 |  4.3
Polearms       | |  1.7
Armour         | |  2.6
Shields        | |  2.6

Action                     |  1- 3 |  4- 6 || total
---------------------------+-------+-------++-------
  Melee: Trident           |   126 |    10 ||   136
 Armour: Scale mail        |    51 |     3 ||    54
  Dodge: Dodged            |    31 |     8 ||    39
  Block: Buckler           |    49 |     7 ||    56

Table legend: (Time is in decaauts)
 A = Elapsed time spent in this place.
 B = Non-inter-level travel time spent in this place.
 C = Inter-level travel time spent in this place.
 D = Time resting spent in this place.
 E = Time spent auto-exploring this place.
 F = Levels seen in this place.
 G = Mean time per level.
                   A        B        C        D        E       F      G
               +--------+--------+--------+--------+--------+-----+--------+
         Total |   1727 |   1727 |      0 |    335 |    989 |   3 |  575.7 |
       Dungeon |   1727 |   1727 |      0 |    335 |    989 |   3 |  575.7 |
               +--------+--------+--------+--------+--------+-----+--------+

Top non-repeatable levels by time:
     D:2: 1105 daAuts
     D:1: 592 daAuts
     D:3: 30 daAuts
